 Dungeon Crawl Stone Soup version 0.22.1-2-g9c5b331 (webtiles) character file.

280 dvd the Chopper (level 6, 0/76 HPs)
             Began as a Minotaur Gladiator on Nov 24, 2018.
             Was an Initiate of Okawaru.
             Succumbed to a killer bee's poison
             ... on level 3 of the Dungeon.
             The game lasted 00:05:04 (2771 turns).

dvd the Chopper (Minotaur Gladiator)                Turns: 2771, Time: 00:05:04

Health: 0/76       AC:  8    Str: 23    XL:     6   Next: 5%
Magic:  5/5        EV: 12    Int:  5    God:    Okawaru [......]
Gold:   138        SH:  0    Dex: 14    Spells: 5/5 levels left

rFire    . . .     SeeInvis .   a - +0 war axe
rCold    . . .     Gourm    .   (no shield)
rNeg     . . .     Faith    .   p - +0 scale mail
rPois    .         Spirit   .   c - +0 hat
rElec    .         Reflect  .   (no cloak)
rCorr    .         Harm     .   n - +0 pair of gloves
MR       .....                  (no boots)
Stlth    ..........             (no amulet)
HPRegen  0.22/turn              (no ring)
MPRegen  0.09/turn              (no ring)

@: mighty, berserking (expiring), lethally poisoned (0 -> -14), very quick
A: retaliatory headbutt, horns 2
a: Renounce Religion


You were on level 3 of the Dungeon.
You worshipped Okawaru.
Okawaru was noncommittal.
You were not hungry.

You visited 1 branch of the dungeon, and saw 3 of its levels.

You collected 138 gold pieces.

Inventory:

Hand Weapons
 a - a +0 war axe (weapon)
Missiles
 o - 12 tomahawks (quivered)
Armour
 b - a +0 leather armour
 c - a +0 hat (worn)
 n - a +0 pair of gloves (worn)
 p - a +0 scale mail (worn)
 s - a +0 ring mail
 t - a +0 plate armour
 w - a +0 chain mail
Wands
 v - a wand of iceblast (5)
Scrolls
 e - a scroll of identify
 h - a scroll of magic mapping {unknown}
 l - a scroll of remove curse
 m - a scroll of random uselessness {unknown}
 r - 2 scrolls of blinking {unknown}
Potions
 i - a potion of resistance {unknown}
 j - a potion of flight
 k - 2 potions of might
 u - a potion of haste
Comestibles
 f - 9 rations


   Skills:
 + Level 3.4 Fighting
 + Level 5.8 Axes
 + Level 2.1 Throwing
 + Level 3.3 Armour
 + Level 4.6 Dodging


You had 5 spell levels left.
You didn't know any spells.
Your spell library was empty.

Dungeon Overview and Level Annotations

Branches:
Dungeon (3/15)

Altars:
Kikubaaqudgha
Okawaru


Innate Abilities, Weirdness & Mutations

You reflexively headbutt those who attack you in melee.
You have a pair of horns on your head.


Message History

* * * LOW HITPOINT WARNING * * *
You feel sick. The killer bee barely misses you. You furiously retaliate!
You headbutt the killer bee!
You kill the killer bee!
Okawaru accepts your kill.
You have reached level 6!
Your experience leads to an increase in your attributes!
Your base attributes are Str 18, Int 5, Dex 13.
Increase (S)trength, (I)ntelligence, or (D)exterity?
You feel agile.
Unknown command.
* * * LOW HITPOINT WARNING * * *
You feel sick.
You see here a killer bee corpse.
Unknown command.
You feel a strong urge to attack something.
* * * LOW HITPOINT WARNING * * *
You feel sick.
Unknown command.
You die...

.......
#........#
##+#... ###
#####.#### .##
.(# #.# # #.#
#.# #.# #.# #.#
#.# #.# #.# #.#
#.# #@# #.# #.#
#.# #.# #.#
####.# #.#
#....# #.#
#.#### #.#
#.###########.#
#.............#
#############.#


There were no monsters in sight!

Vanquished Creatures
  2 killer bees (D:3)
  2 worker ants
  5 adders
  4 worms
  A dart slug (D:1)
  A leopard gecko (D:1)
  3 orcs (D:3)
  A ball python (D:1)
  6 giant cockroaches
  7 goblins
  8 hobgoblins
  11 jackals
  13 kobolds
  A quokka (D:2)
  7 bats
  4 frilled lizards
  11 rats
87 creatures vanquished.

Notes
Turn   | Place    | Note
-------+----------+-------------------------------------------
     0 | D:1      | dvd the Minotaur Gladiator began the quest for the Orb.
     0 | D:1      | Reached XP level 1. HP: 18/18 MP: 0/0
   187 | D:1      | Reached skill level 4 in Axes
   187 | D:1      | Reached XP level 2. HP: 25/25 MP: 1/1
   382 | D:1      | Reached XP level 3. HP: 30/30 MP: 2/2
   927 | D:2      | Found an ancient bone altar of Kikubaaqudgha.
  1038 | D:2      | Reached XP level 4. HP: 37/37 MP: 3/3
  1091 | D:2      | Found an iron altar of Okawaru.
  1107 | D:2      | Became a worshipper of Warmaster Okawaru
  1110 | D:2      | Reached skill level 1 in Armour
  1135 | D:2      | Reached skill level 5 in Axes
  2159 | D:3      | Reached XP level 5. HP: 45/45 MP: 4/4
  2768 | D:3      | HP: 2/67 [poisoned by a killer bee]
  2768 | D:3      | Reached XP level 6. HP: 3/51 MP: 5/5
  2771 | D:3      | Succumbed to a killer bee's poison

Skill      XL: |  1  2  3  4  5 |
---------------+----------------+-----
Axes           | 4 5 |  5.8
Dodging        | 4 |  4.6
Armour         | 2 3 |  3.3
Fighting       | 3 |  3.4
Throwing       | |  2.1

Action                   |  1- 3 |  4- 6 || total
-------------------------+-------+-------++-------
Melee: War axe           |    51 |    91 ||   142
       Headbutt          |     5 |    14 ||    19
Throw: Throwing net      |       |     5 ||     5
  Use: Potion            |       |     4 ||     4
       Scroll            |       |     3 ||     3
  Eat: Chunk             |       |     6 ||     6
Armor: Leather armour    |    12 |       ||    12
       Scale mail        |     1 |     7 ||     8
       Ring mail         |       |    23 ||    23
Dodge: Dodged            |    55 |    74 ||   129
